 Dungeon Crawl Stone Soup version 0.31-a0-210-gccc998df9b (webtiles) character file.

Game seed: 14688291173238010110

1055 qw the Chopper (level 8, -2/49 HPs)
             Began as a Gargoyle Fighter on June 30, 2023.
             Was an Initiate of Okawaru.
             Engulfed by a steam dragon's steam (4 damage)
             ... on level 6 of the Dungeon.
             The game lasted 00:02:11 (4313 turns).

qw the Chopper (Gargoyle Fighter)                   Turns: 4313, Time: 00:02:12

Health: -2/49      AC: 15    Str: 22    XL:     8   Next: 26%
Magic:  8/8        EV:  9    Int:  4    God:    Okawaru [......]
Gold:   276        SH:  9    Dex:  9    Spells: 7/7 levels left

rFire   . . .        Y - +2 war axe
rCold   . . .        c - +0 buckler
rNeg    + . .        n - +1 scale mail of Theory {rPois Will+ rCorr Int-5}
rPois   inf          (no helmet)
rElec   +            p - +0 cloak
rCorr   +            k - +0 pair of gloves
SInv    .            (no boots)
Will    +....        f - amulet of reflection Stlth
                     (no ring)
HPRegen 0.28/turn    (no ring)
MPRegen 0.11/turn

%: reflection
@: about to teleport
A: sickness immunity, AC +5, negative energy resistance 1, electricity
resistance, torment resistance 1, petrification resistance
a: Renounce Religion


You were on level 6 of the Dungeon.
You worshipped Okawaru.
Okawaru was noncommittal.
You visited 2 branches of the dungeon, and saw 7 of its levels.

You collected 276 gold pieces.


Innate Abilities, Weirdness & Mutations

You are immune to sickness and miasma.
Your stone body is resilient. (AC +5)
You are immune to poison.
You resist negative energy. (rN+)
You are resistant to electric shocks. (rElec)
You are resistant to unholy torment.
You are immune to petrification.


   Skills:
 - Level 5.0 Fighting
 + Level 7.4 Axes
 - Level 2.7 Throwing
 - Level 3.2 Armour
 - Level 1.0 Dodging
 - Level 3.2 Shields


You had 7 spell levels left.
You didn't know any spells.
Your spell library was empty.

Inventory:

Hand Weapons
 e - a +0 morningstar
 Y - a +2 war axe (weapon)
Missiles
 h - 2 javelins (quivered)
Armour
 c - a +0 buckler (worn)
 k - a +0 pair of gloves (worn)
 n - the +1 scale mail of Theory (worn) {rPois Will+ rCorr Int-5}
   (You found it on level 4 of the Dungeon)

   Int:       It affects your intelligence (-5).
   rPois:     It protects you from poison.
   rCorr:     It protects you from acid and corrosion.
   Will:      It increases your willpower.
 p - a +0 cloak (worn)
Jewellery
 b - a ring of see invisible
 f - an amulet of reflection (around neck)
Scrolls
 a - a scroll of identify
Potions
 d - 2 potions of might
 g - a potion of enlightenment
 j - a potion of mutation
 o - a potion of curing

Dungeon Overview and Level Annotations

Branches:
Dungeon (6/15)             Temple (1/1) D:5

Altars:
Ashenzari
Cheibriados
Dithmenos
Elyvilon
Gozag
Hepliaklqana
Makhleb
Nemelex Xobeh
Okawaru
Qazlal
Ru
Sif Muna
Vehumet
Wu Jian
Zin
The Shining One

Portals:
Abyss: D:6

Annotations:
D:6 Edmund; qw's ghost, novice MiHs


Message History

4307 ||| DRINKING potion of heal wounds.
You feel much better. The wight barely misses you.
You closely miss the wight.
The wight is moderately damaged.
The wight hits you with a +5 flail of freezing!
The wight freezes you.
You barely miss the wight.
The wight is moderately damaged.
Your surroundings suddenly seem different.
An orc wizard, an orc and an orc priest come into view.
Found 17 gold pieces.
Found a stone staircase leading down.
Edmund shouts!
The steam dragon hisses angrily.
The orc wizard shouts!
The orc shouts!
The orc priest shouts!
You hear a shout!
The orc wizard gestures wildly while chanting.
The orc wizard flickers and vanishes!
Deactivating autopickup; reactivate with Ctrl-A.
You block the orc priest's attack. Something hits you but does no damage.
Edmund says, "I'm quite good with sums, too."
You hit the orc priest.
The orc priest is moderately wounded.
You closely miss Edmund. You barely miss something.
The orc priest barely misses you. Something hits you but does no damage.
You block Edmund's attack. The hound bites you.
You slash the orc priest!
You kill the orc priest!
Okawaru accepts your kill.
You hit Edmund. You barely miss something. You hit the hound.
The hound bites you but does no damage.
Edmund hits you with a +0 flail of draining.
Something hits you. The hound bites you but does no damage. Something hits you.
You block Edmund's attack. The orc barely misses you.
The steam dragon breathes steam at you. The ball of steam hits you.
Autopickup is now on.
4313 ||| READING scroll of teleportation.
As you read the scroll of teleportation, it crumbles to dust.
You feel strangely unstable.
You are engulfed in a cloud of scalding steam.
You die...

#.>$ #.. #.. #..
# #(# ##.##)##.#
#....D.#.#####
#.#.##){#.....
#...@@h#..#####
#..$###o........
##. #......... #
#......[.
####....###.
#.......# #
#.###...# # #.#
#..## #.#.# #..#


You could see Edmund, a steam dragon (catching breath), a hound and an orc.

Vanquished Creatures
  A water moccasin (D:5)
  Pargi (D:4)
  A centaur (D:6)
  4 scorpions
  2 wights (D:6)
  2 howler monkeys
  A jelly (D:5)
  An orc priest (D:6)
  Terence (D:2)
  Jessica (D:3)
  2 iguanas
  Natasha (D:4)
  7 adders
  3 white imps
  3 worms
  3 dart slugs
  6 orcs
  5 ball pythons
  4 endoplasms
  4 giant cockroaches
  3 goblins
  9 hobgoblins
  2 quokkas (D:3)
  6 bats
  3 frilled lizards
  5 kobolds
  10 rats
91 creatures vanquished.

Vanquished Creatures (others)
  A hound (D:6)
  2 orcs (D:6)
3 creatures vanquished.

Grand Total: 94 creatures vanquished

Notes
Turn   | Place    | Note
-------+----------+-------------------------------------------
     0 | D:1      | qw the Gargoyle Fighter began the quest for the Orb.
     0 | D:1      | Reached XP level 1. HP: 14/14 MP: 1/1
     0 | D:1      | 0 ||| qw: Version: 0.3-a-26-gee661ec
     0 | D:1      | 0 ||| qw: Game counter: 7207
     0 | D:1      | 0 ||| qw: Melee chars always use a shield: true
     0 | D:1      | 0 ||| qw: God list: Okawaru
     0 | D:1      | 0 ||| qw: Allow faded altars: false
     0 | D:1      | 0 ||| qw: Do Orc after clearing Dungeon:15 true
     0 | D:1      | 0 ||| qw: Do second Lair branch before Depths: true
     0 | D:1      | 0 ||| qw: Lair rune preference: random
     0 | D:1      | 0 ||| qw: Goals: Normal, Zot:1-4, Slime:5, God:TSO, Crypt,
                  | Tomb, Abyss, Pan, Hells, Win
     0 | D:1      | 0 ||| PLANNING D:1-11
    19 | D:1      | Reached skill level 2 in Axes
   115 | D:1      | Reached XP level 2. HP: 17/19 MP: 2/2
   475 | D:1      | Reached skill level 3 in Axes
   633 | D:1      | 633 ||| UPGRADING to +0 pair of gloves.
   638 | D:1      | 638 ||| UPGRADING to amulet of reflection.
   643 | D:1      | 643 ||| READING 2 scrolls labelled ROQAIDD FEUSS.
   644 | D:1      | 644 ||| DRINKING 2 puce potions.
   685 | D:2      | 685 ||| Stepping ~*~*~tactically~*~*~ (hiding).
   692 | D:2      | Reached XP level 3. HP: 23/23 MP: 3/3
   794 | D:2      | 794 ||| DROPPING +0 whip.
  1039 | D:2      | 1039 ||| Stepping ~*~*~tactically~*~*~ (stealth).
  1040 | D:2      | 1040 ||| Stepping ~*~*~tactically~*~*~ (stealth).
  1052 | D:2      | 1052 ||| Stepping ~*~*~tactically~*~*~ (stealth).
  1053 | D:2      | 1053 ||| Stepping ~*~*~tactically~*~*~ (stealth).
  1054 | D:2      | Noticed Terence
  1055 | D:2      | 1055 ||| Stepping ~*~*~tactically~*~*~ (stealth).
  1070 | D:2      | Killed Terence
  1071 | D:2      | Reached skill level 4 in Axes
  1071 | D:2      | Reached XP level 4. HP: 28/28 MP: 4/4
  1361 | D:2      | Reached XP level 5. HP: 32/32 MP: 5/5
  1365 | D:2      | 1365 ||| Stepping ~*~*~tactically~*~*~ (hiding).
  1620 | D:2      | 1620 ||| READING scroll labelled WODECE FIAJ.
  1621 | D:2      | 1621 ||| READING scroll labelled OCVEGU LAOXKEGAED.
  1622 | D:2      | 1622 ||| READING scroll labelled REBICZ RABA.
  1623 | D:2      | 1623 ||| READING 2 scrolls of identify.
  1623 | D:2      | 1623 ||| IDENTIFYING pink potion
  1624 | D:2      | 1624 ||| DROPPING potion of berserk rage.
  1667 | D:3      | 1667 ||| Stepping ~*~*~tactically~*~*~ (stealth).
  1668 | D:3      | 1668 ||| Stepping ~*~*~tactically~*~*~ (stealth).
  1670 | D:3      | 1670 ||| Stepping ~*~*~tactically~*~*~ (stealth).
  1684 | D:3      | 1684 ||| Stepping ~*~*~tactically~*~*~ (stealth).
  1685 | D:3      | 1685 ||| Stepping ~*~*~tactically~*~*~ (stealth).
  1686 | D:3      | 1686 ||| Stepping ~*~*~tactically~*~*~ (stealth).
  1695 | D:3      | 1695 ||| DROPPING +0 mace of protection.
  1771 | D:3      | Noticed Jessica
  1772 | D:3      | 1772 ||| Stepping ~*~*~tactically~*~*~ (hiding).
  1776 | D:3      | Killed Jessica
  1777 | D:3      | Reached skill level 5 in Axes
  2327 | D:3      | 2327 ||| READING scroll labelled WUMPUWA LUOQI.
  2328 | D:3      | 2328 ||| READING 2 scrolls labelled AMAPEE UKAES.
  2331 | D:3      | 2331 ||| READING scroll labelled KIT RIDIBIQ.
  2332 | D:3      | 2332 ||| DRINKING 2 white potions.
  2413 | D:4      | Reached XP level 6. HP: 36/39 MP: 6/6
  2551 | D:4      | Found a glowing golden altar of the Shining One.
  2610 | D:4      | Reached skill level 1 in Dodging
  2674 | D:4      | Noticed Natasha
  2678 | D:4      | Killed Natasha
  2681 | D:4      | Found a sparkling altar of Nemelex Xobeh.
  2713 | D:4      | Identified the +1 scale mail of Theory {rPois Will+ rCorr
                  | Int-5}
  2722 | D:4      | 2722 ||| READING scroll of enchant weapon.
  2722 | D:4      | 2722 ||| ENCHANTING +1 war axe.
  2820 | D:4      | Noticed Pargi
  2843 | D:4      | Killed Pargi
  3132 | D:4      | 3132 ||| UPGRADING to +1 scale mail of Theory {rPois Will+
                  | rCorr Int-5}.
  3142 | D:4      | 3142 ||| DROPPING +0 scale mail.
  3143 | D:4      | 3143 ||| UPGRADING to +0 cloak.
  3148 | D:4      | 3148 ||| DROPPING ring of wizardry.
  3181 | D:5      | Entered Level 5 of the Dungeon
  3184 | D:5      | 3184 ||| Stepping ~*~*~tactically~*~*~ (hiding).
  3186 | D:5      | 3186 ||| Stepping ~*~*~tactically~*~*~ (hiding).
  3193 | D:5      | Reached XP level 7. HP: 38/44 MP: 7/7
  3196 | D:5      | Reached skill level 6 in Axes
  3368 | D:5      | 3368 ||| Stepping ~*~*~tactically~*~*~ (stealth).
  3376 | D:5      | Reached skill level 7 in Axes
  3494 | D:5      | 3494 ||| Stepping ~*~*~tactically~*~*~ (stealth).
  3501 | D:5      | Reached skill level 1 in Throwing
  3576 | D:5      | Found a shimmering blue altar of Sif Muna.
  3690 | D:5      | Found a staircase to the Ecumenical Temple.
  3691 | D:5      | 3691 ||| PLANNING TEMPLE
  3691 | D:5      | 3691 ||| READING scroll labelled HOFAPA JATZE.
  3692 | D:5      | 3692 ||| READING 4 scrolls of identify.
  3692 | D:5      | 3692 ||| IDENTIFYING emerald potion
  3693 | D:5      | 3693 ||| READING 3 scrolls of identify.
  3693 | D:5      | 3693 ||| IDENTIFYING amethyst potion
  3694 | D:5      | 3694 ||| READING 2 scrolls of identify.
  3694 | D:5      | 3694 ||| IDENTIFYING inky potion
  3695 | D:5      | 3695 ||| DROPPING potion of degeneration.
  3706 | Temple   | Entered the Ecumenical Temple
  3850 | Temple   | 3850 ||| PLANNING OKAWARU WORSHIP
  3935 | Temple   | Became a worshipper of Warmaster Okawaru
  3936 | Temple   | 3936 ||| PLANNING D:1-11
  4254 | D:6      | Found a one-way gate to the infinite horrors of the Abyss.
  4254 | D:6      | Noticed qw's ghost (novice MiHs)
  4254 | D:6      | Noticed a green ugly thing
  4268 | D:6      | Noticed a steam dragon
  4270 | D:6      | Noticed Edmund
  4275 | D:6      | Reached XP level 8. HP: 24/49 MP: 8/8
  4277 | D:6      | HP: 4/49 [steam dragon/ball of steam (10)]
  4278 | D:6      | 4278 ||| READING 3 scrolls of teleportation.
  4279 | D:6      | 4279 ||| DRINKING 2 potions of heal wounds.
  4291 | D:6      | 4291 ||| Stepping ~*~*~tactically~*~*~ (stealth).
  4292 | D:6      | 4292 ||| Stepping ~*~*~tactically~*~*~ (stealth).
  4305 | D:6      | HP: 11/49 [wight/+5 flail of freezing (2)]
  4306 | D:6      | 4306 ||| READING 2 scrolls of teleportation.
  4306 | D:6      | HP: 4/49 [wight/+5 flail of freezing (2)]
  4307 | D:6      | 4307 ||| DRINKING potion of heal wounds.
  4312 | D:6      | HP: 9/49 [Edmund/+0 flail of draining (5)]
  4312 | D:6      | HP: 4/49 [something (1)]
  4313 | D:6      | 4313 ||| READING scroll of teleportation.
  4313 | D:6      | Engulfed by a steam dragon's steam

Levels and vault maps discovered:
D:1:      doesnt_arrival_eight_statues, layout_loops_ring
D:2:      layout_loops_ring, uniq_terence
D:3:      layout_rooms, dreamdust_wishing_well, st_stairs_1,
          minmay_misc_feat_rugged, uniq_jessica
D:4:      layout_loops_ring, mainiacjoe_overflow_chevrons,
          mainiacjoe_overflow_cross_hatched, uniq_pargi, uniq_natasha
D:5:      layout_loops_ring, led_sif_pool, minmay_temple_entry_gardened_gates
D:6:      layout_loops_ring, gammafunk_ghost_abyssal_escape,
          lightli_orcish_oven, uniq_edmund
Temple:   nicolae_temple_figure_eight

Skill      XL: |  1  2  3  4  5  6  7  8 |
---------------+-------------------------+-----
Axes           | 2 3 4 5 7 |  7.4
Fighting       | 4 5 |  5.0
Dodging        | 1 |  1.0
Throwing       | 1 2 |  2.7
Armour         | |  3.2
Shields        | |  3.2

Action                     |  1- 3 |  4- 6 |  7- 9 || total
---------------------------+-------+-------+-------++-------
  Melee: War axe           |   103 |   152 |    58 ||   313
  Throw: Javelin           |       |       |     9 ||     9
    Use: Scroll            |     1 |     8 |     7 ||    16
         Potion            |     1 |     1 |     2 ||     4
 Armour: Scale mail        |    47 |    76 |    31 ||   154
  Dodge: Dodged            |    44 |    57 |    24 ||   125
  Block: Buckler           |    20 |    57 |    23 ||   100
         Reflection        |     1 |     2 |     3 ||     6

Table legend:
 A = Non-vault XP
 B = Vault XP
 C = Vault XP percentage of total XP
 D = Non-vault monster count
 E = Vault monster count
 F = Vault count percentage of total count
                 A         B        C        D         E       F
            +---------+---------+-------+---------+---------+-------
      Total |    1263 |     245 |  16.2 |      87 |       6 |   6.5
            +---------+---------+-------+---------+---------+-------
        D:1 |      32 |       0 |   0.0 |      18 |       0 |   0.0
        D:2 |     112 |      38 |  25.3 |      15 |       1 |   6.2
        D:3 |      33 |      40 |  54.8 |      21 |       3 |  12.5
        D:4 |     175 |     167 |  48.8 |      12 |       2 |  14.3
        D:5 |     580 |       0 |   0.0 |      12 |       0 |   0.0
        D:6 |     331 |       0 |   0.0 |       9 |       0 |   0.0
            +---------+---------+-------+---------+---------+-------
